 Dungeon Crawl Stone Soup version 0.23.2-1-ga50397a (webtiles) character file.

Game seed: 3241590926711334596

700 schauveau the Archer (level 7, -9/55 HPs)
             Began as a Centaur Hunter on May 5, 2019.
             Was an Initiate of Okawaru.
             Mangled by an orc
             ... wielding a +0 war axe
              (11 damage)
             ... on level 4 of the Dungeon.
             The game lasted 00:13:18 (6424 turns).

schauveau the Archer (Centaur Hunter)               Turns: 6424, Time: 00:13:20

Health: -9/55      AC:  6    Str: 14 (15) XL:     7   Next: 38%
Magic:  7/7        EV:  9    Int: 10      God:    Okawaru [......]
Gold:   194        SH:  0    Dex:  8 (11) Spells: 6/6 levels left

rFire    + . .     SeeInvis .   a - +2 shortbow
rCold    + . .     Gourm    .   (shield currently unavailable)
rNeg     . . .     Faith    .   c - +0 leather armour
rPois    +         Spirit   .   t - +1 helmet
rElec    +         Reflect  .   p - scarf {cloud immunity}
rCorr    +         Harm     .   (no gloves)
MR       .....                  (no barding)
Stlth    +.........             (no amulet)
HPRegen  0.18/turn              (no ring)
MPRegen  0.10/turn              (no ring)

@: resistant, flying, slowed
A: large, hooves 3, deformed body, speed 2, tough skin 3
a: Renounce Religion


You were on level 4 of the Dungeon.
You worshipped Okawaru.
Okawaru was noncommittal.
You were not hungry.

You visited 1 branch of the dungeon, and saw 5 of its levels.

You collected 194 gold pieces.

Inventory:

Hand Weapons
 a - a +2 shortbow (weapon)
 b - a +0 halberd
 u - a cursed -3 whip
 C - a +0 short sword
Missiles
 h - 8 needles of frenzy
 l - 32 arrows (quivered)
 s - 22 bolts
 w - 5 tomahawks
 y - 152 stones
 D - 2 throwing nets
 E - 30 sling bullets
Armour
 c - a +0 leather armour (worn)
 p - a scarf of cloud immunity (worn)
 t - a +1 helmet (worn)
Jewellery
 d - an uncursed amulet of magic regeneration {unknown}
 q - a cursed -2 ring of strength {unknown}
Scrolls
 e - 2 scrolls of random uselessness
 g - 3 scrolls of fog
 i - 4 scrolls of identify
 z - a scroll of teleportation {unknown}
Potions
 j - a potion of brilliance {unknown}
 m - a potion of flight
 n - a potion of degeneration
 o - a potion of curing {unknown}
 v - a potion of cancellation {unknown}
Comestibles
 f - 5 rations
 r - 3 chunks of flesh


   Skills:
 - Level 2.0 Fighting
 + Level 11.6 Bows
 - Level 1.3 Dodging
 - Level 0.4 Stealth


You had 6 spell levels left.
You didn't know any spells.
Your spell library was empty.

Dungeon Overview and Level Annotations

Branches:
Dungeon (5/15)
 Temple: D:4-7

Altars:
Okawaru

Annotations:
D:3 Grinder
D:4 Duvessa, Eustachio
D:5 2 runed translucent doors, Paps's ghost, novice TrFi


Innate Abilities, Weirdness & Mutations

You have hooves in place of feet.
Armour fits poorly on your strangely shaped body.
You cover ground very quickly.
You have extremely tough skin. (AC +3)


Message History

Level annotation: Duvessa, Eustachio
Found 16 bolts.
There is a stone staircase leading down here.
The orc wizard mumbles some strange words.
The orc wizard blinks!
The orc hits you with a +0 war axe.
* * * LOW HITPOINT WARNING * * *
The orc wizard gestures wildly while chanting.
The orc wizard blinks!
It was a potion of flight.
You feel very buoyant.
You fly up into the air.
The orc closely misses you. The phantom hits you.
* * * LOW HITPOINT WARNING * * *
It was a potion of resistance.
You feel protected.
The orc wizard hits you but does no damage.
The orc hits you but does no damage. The phantom closely misses you.
The orc wizard barely misses you. The phantom hits you.
* * * LOW HITPOINT WARNING * * *
The orc hits you with a +0 war axe!
You die...

##..#######
##..(....##
##.((.....#######
#######........##
#........# #.......#
###########..((>(.#
##........(...o....#
#......<...(..@W..##
.............o...##
..###............# .
#........##..##
#..########..## #..#
##..## ..# ##.(##
#.# ##..## ##..##


You could see a phantom, an orc wizard and an orc.

Vanquished Creatures
  A centaur (D:5)
  A scorpion (D:5)
  Dowan (D:4)
  2 howler monkeys (D:4)
  A crimson imp (D:5)
  A bullfrog zombie (D:5)
  An orc wizard (D:5)
  A bullfrog skeleton (D:4)
  A gnoll shaman (D:2)
  Ijyb (D:3)
  Terence (D:1)
  Robin (D:3)
  4 gnolls (D:2)
  9 adders
  An ooze (D:3)
  A worm (D:3)
  2 dart slugs
  3 leopard geckos
  6 orcs
  A ball python (D:2)
  6 giant cockroaches
  18 goblins
  10 hobgoblins
  9 jackals
  7 kobolds
  5 bats
  3 frilled lizards
  A leopard gecko skeleton (D:2)
  6 rats
105 creatures vanquished.

Notes
Turn   | Place    | Note
-------+----------+-------------------------------------------
     0 | D:1      | schauveau the Centaur Hunter began the quest for the Orb.
     0 | D:1      | Reached XP level 1. HP: 17/17 MP: 1/1
   138 | D:2      | Reached skill level 6 in Bows
   138 | D:2      | Reached XP level 2. HP: 12/24 MP: 2/2
   579 | D:3      | Reached XP level 3. HP: 25/29 MP: 3/3
   622 | D:3      | Reached skill level 7 in Bows
   928 | D:3      | Noticed Robin
   965 | D:3      | Reached XP level 4. HP: 18/36 MP: 4/4
  1172 | D:3      | Killed Robin
  1381 | D:3      | Reached skill level 8 in Bows
  1487 | D:3      | Noticed Ijyb
  1609 | D:4      | Reached XP level 5. HP: 24/41 MP: 5/5
  1938 | D:4      | Noticed Eustachio
  2009 | D:4      | Reached skill level 9 in Bows
  2020 | D:4      | Noticed Duvessa
  2074 | D:4      | Noticed Dowan
  2097 | D:4      | Killed Dowan
  2097 | D:4      | Reached XP level 6. HP: 32/48 MP: 6/6
  2224 | D:2      | Found an iron altar of Okawaru.
  2232 | D:2      | Became a worshipper of Warmaster Okawaru
  2596 | D:2      | Noticed Terence
  3693 | D:2      | Reached skill level 10 in Bows
  5024 | D:1      | Killed Terence
  5329 | D:3      | Killed Ijyb
  5416 | D:3      | Noticed Grinder
  5431 | D:3      | Paralysed by Grinder for 7 turns
  5858 | D:5      | Entered Level 5 of the Dungeon
  6225 | D:5      | Reached XP level 7. HP: 44/55 MP: 7/7
  6250 | D:5      | Found a runed translucent door.
  6253 | D:5      | Noticed Paps's ghost (novice TrFi)
  6280 | D:5      | Reached skill level 11 in Bows
  6297 | D:5      | Found a runed translucent door.
  6424 | D:4      | HP: 2/55 [phantom (3)]
  6424 | D:4      | Mangled by an orc

Skill      XL: |  1  2  3  4  5  6  7 |
---------------+----------------------+-----
Bows           | 6 7 8 9 10 11 | 11.6
Fighting       | |  2.0
Dodging        | |  1.3
Stealth        | |  0.4

Action                   |  1- 3 |  4- 6 |  7- 9 || total
-------------------------+-------+-------+-------++-------
Melee: Short sword       |    33 |   174 |       ||   207
       Kick              |     5 |    54 |       ||    59
       Halberd           |       |    76 |       ||    76
 Fire: Shortbow          |    51 |    44 |    38 ||   133
Throw: Tomahawk          |       |    25 |       ||    25
       Stone             |       |     1 |       ||     1
  Use: Scroll            |       |     7 |       ||     7
       Potion            |       |     1 |     2 ||     3
  Eat: Chunk             |       |     9 |       ||     9
       Ration            |       |     2 |       ||     2
Armor: Leather armour    |    28 |   116 |    15 ||   159
Dodge: Dodged            |    40 |   173 |    17 ||   230
